 Dungeon Crawl Stone Soup version 0.28-a0-1404-g4df0f3684d (webtiles) character file.

Game seed: 3596040963526181026

18153 flotson the Fighter (level 12, -4/93 HPs)
             Began as a Demonspawn Gladiator on Jan 6, 2022.
             Was an Initiate of Gozag.
             Slain by a blink frog (11 damage)
             ... on level 1 of the Lair of Beasts.
             The game lasted 00:24:55 (16182 turns).

flotson the Fighter (Demonspawn Gladiator)         Turns: 16182, Time: 00:24:56

Health: -4/93      AC: 17    Str: 22      XL:     12   Next: 25%
Magic:  12/12      EV: 13    Int:  8 (10) God:    Gozag
Gold:   1504       SH: 14    Dex: 14      Spells: 11/11 levels left

rFire   . . .      SeeInvis .   a - +7 war axe "Pattoa" {freeze, Will+ Str+2 Stlth+}
rCold   + . .      Faith    .   f - +0 kite shield
rNeg    . . .      Spirit   .   x - +2 ring mail {rC+}
rPois   .          Reflect  .   c - +0 helmet
rElec   .          Harm     .   I - +0 cloak
rCorr   +          Rampage  .   (no gloves)
Will    +....                   (no boots)
Stlth   ++........              (no amulet)
HPRegen 0.25/turn               k - ring of resist corrosion
MPRegen 0.13/turn               (no ring)

@: no status effects
A: slimy green scales 1, icemail 1, spiny 2, condensation shield, demonic touch
2
a: Renounce Religion, Potion Petition, Call Merchant, Bribe Branch


You were on level 1 of the Lair of Beasts.
You worshipped Gozag.
Gozag was most pleased with you.
You visited 3 branches of the dungeon, and saw 12 of its levels.

You collected 2138 gold pieces.
You spent 577 gold pieces at shops.
You paid 57 gold pieces to Gozag.

Inventory:

Hand Weapons
 a - the +7 war axe "Pattoa" (weapon) {freeze, Will+ Str+2 Stlth+}
   (You bought it in a shop on level 7 of the Dungeon)

   It freezes those it strikes, dealing additional cold damage.
   It can also slow down cold-blooded creatures.
   Str:       It affects your strength (+2).
   Will:      It increases your willpower.
   Stlth:     It makes you more stealthy.
 b - a +1 trident of flaming
Missiles
 j - 34 poisoned darts
 o - 5 boomerangs
 B - 9 javelins (quivered)
Armour
 c - a +0 helmet (worn)
 f - a +0 kite shield (worn)
 x - a +2 ring mail of cold resistance (worn)
 I - a +0 cloak (worn)
 K - an orb of mayhem
Jewellery
 k - a ring of resist corrosion (left hand)
 s - a ring of magical power
Wands
 l - a wand of iceblast (5)
 n - a wand of flame (39)
 G - a wand of polymorph (9)
 H - a wand of charming (13)
 L - a wand of digging (4)
 M - a wand of paralysis (3)
Scrolls
 d - a scroll of torment
 e - 3 scrolls of amnesia {unknown}
 g - a scroll of enchant weapon {unknown}
 h - 3 scrolls of holy word {unknown}
 m - 4 scrolls of vulnerability {unknown}
 q - a scroll of fog {unknown}
 r - 6 scrolls of teleportation
 t - 3 scrolls of immolation
 w - a scroll of enchant armour {unknown}
 y - 2 scrolls of fear {unknown}
 E - 3 scrolls of magic mapping {unknown}
 J - a scroll of summoning {unknown}
 N - a scroll of blinking
Potions
 i - 2 potions of curing
 p - a potion of lignification
 u - 2 potions of heal wounds
 z - a potion of cancellation
 A - 2 potions of mutation
 F - 2 potions of flight


   Skills:
 + Level 8.2 Fighting
 + Level 7.9 Axes
 + Level 7.5 Throwing
 + Level 7.1 Armour
 + Level 7.8 Dodging
 + Level 6.1 Shields
 + Level 7.3 Evocations


You had 11 spell levels left.
You didn't know any spells.
Your spell library contained the following spells:

 Spells                   Type           Power      Damage    Failure   Level
 Foxfire                  Conj/Fire      0%         2x1d4     87%         1
 Freeze                   Ice            0%         1d3       87%         1
 Conjure Flame            Conj/Fire      0%         6-21      99%         3
 Frozen Ramparts          Ice            0%         1d2       99%         3
 Inner Flame              Hex/Fire       0%         N/A       99%         3
 Airstrike                Air            0%         N/A       100%        4
 Animate Dead             Necr           0%         N/A       100%        4
 Flame Wave               Conj/Fire      0%         2d4       100%        4
 Hailstorm                Conj/Ice       0%         3d3       100%        4
 Summon Lightning Spire   Summ/Air       0%         N/A       100%        4
 Borgnjor's Vile Clutch   Necr/Erth      0%         N/A       100%        5
 Lightning Bolt           Conj/Air       0%         1d11      100%        5
 Death Channel            Necr           0%         N/A       100%        6


Dungeon Overview and Level Annotations

Branches:
Dungeon (10/15)            Temple (1/1) D:4            Lair (1/6) D:10
    Orc (0/2) D:9

Altars:
Dithmenos
Elyvilon
Fedhas
Gozag
Hepliaklqana
Kikubaaqudgha
Makhleb
Nemelex Xobeh
Qazlal
Sif Muna
Trog
Uskayaw
Wu Jian
Xom
Yredelemnul
Zin
The Shining One

Shops:
D:7 (


Innate Abilities, Weirdness & Mutations

You are partially covered in slimy green scales. (AC +2)
A meltable icy envelope protects you from harm. (AC +4)
You are mostly covered in sharp spines.
A meltable shield of frost defends you. (SH +4)
Your touch may inflict irresistible damage on your foes.


Message History

The blink frog is struck by your spines.
The blink frog misses you. The blink frog hits you!
You block the blink frog's attack. The cane toad is struck by your spines.
You kill the cane toad!
You block the blink frog's attack.
The blink frog blinks!
You are too injured to fight recklessly!
Unknown command.
You are too injured to fight recklessly!
Unknown command.
You feel very sick.
The blink frog blinks!
You feel very sick.
You feel sick.
The blink frog blinks! x3
You feel sick.
The blink frog blinks!
You feel sick.
The blink frog blinks!
You feel sick.
You feel sick.
You feel sick.
You feel sick.
You feel sick.
You are no longer poisoned.
The blink frog blinks!
The blink frog blinks!
There is a stone staircase leading down here.
The blink frog blinks! x2
The blink frog is struck by your spines.
The blink frog hits you!
* * * LOW HITPOINT WARNING * * *
The blink frog blinks! x2
The blink frog hits you.
* * * LOW HITPOINT WARNING * * *
You block the blink frog's attack.
The blink frog is struck by your spines.
The blink frog misses you.
The blink frog blinks!
You block the blink frog's attack.
The blink frog blinks!
You block the blink frog's attack.
The blink frog is struck by your spines.
The blink frog hits you!
You die...
Your body crumbles into a pile of gold.

##..# #....# ##......##
###..## ##...# #.......#
###.....# #....##
###...### P...###.##
##....# ##### FF#####..##
#...## .## #.#..# #...# ##
####.## #.F.# ##..####.F.#
##.....#P.@F#
##...........# ######
#............####P...##
#..............#......##
#...........(..........#
##......................#
#.......................##
##......#................#
###...####..............#


You could see 3 blink frogs.

Vanquished Creatures
  Snorg (D:10)
  A boulder beetle (D:8)
  A hydra (D:10)
  Erolcha (D:9)
  A centaur warrior (D:9)
  4 two-headed ogres
  6 death yaks
  An orange crystal statue (D:10)
  A black mamba (D:10)
  2 cane toads (Lair:1)
  A troll (D:9)
  3 slime creatures
  16 yaks
  A basilisk (D:10)
  A steam dragon (D:6)
  4 wargs (D:9)
  2 water moccasins
  2 sky beasts
  A black bear (Lair:1)
  2 orc warriors
  2 ogres (D:5)
  2 necrophages
  2 centaurs
  A gnoll sergeant (D:5)
  A kobold brigand (D:9)
  4 bullfrogs
  A wyvern zombie (D:8)
  3 scorpions
  A water moccasin zombie (D:7)
  A wyvern skeleton (D:6)
  11 killer bees
  A water moccasin skeleton (D:6)
  5 howler monkeys
  5 electric eels (D:10)
  A bullfrog zombie (D:6)
  2 jellies (D:6)
  6 orc priests
  4 hounds
  A bullfrog skeleton (D:4)
  2 gnoll shamans
  Ijyb (D:3)
  Jessica (D:2)
  Terence (D:3)
  An iguana (D:6)
  5 orc wizards
  A killer bee zombie (D:7)
  A hound zombie (D:5)
  A hound skeleton (D:4)
  A howler monkey zombie (D:10)
  Robin (D:2)
  18 gnolls
  2 howler monkey skeletons
  10 adders
  A white imp (D:4)
  An ufetubus (D:6)
  An adder skeleton (D:4)
  3 worms
  3 dart slugs
  37 orcs
  7 endoplasms
  2 giant cockroaches
  11 goblins
  8 hobgoblins
  7 jackals
  2 quokkas
  8 ball pythons
  3 bats
  4 frilled lizards
  9 kobolds
  2 rats (D:2)
  A butterfly (Lair:1)
262 creatures vanquished.

Vanquished Creatures (others)
  Maggie (D:9)
  A shadow imp (D:6)
  An orc (D:10)
  A quokka (D:7)
  A fungus (Lair:1)
5 creatures vanquished.

Grand Total: 267 creatures vanquished

Notes
Turn   | Place    | Note
-------+----------+-------------------------------------------
     0 | D:1      | flotson the Demonspawn Gladiator began the quest for the
                  | Orb.
     0 | D:1      | Reached XP level 1. HP: 16/16 MP: 1/1
   222 | D:1      | Gained mutation: A meltable shield of frost defends you.
                  | (SH +4) [demonic ancestry]
   222 | D:1      | Reached XP level 2. HP: 22/22 MP: 2/2
  1221 | D:2      | Gained mutation: You are partially covered in sharp spines.
                  | [demonic ancestry]
  1221 | D:2      | Reached XP level 3. HP: 28/28 MP: 3/3
  1228 | D:2      | HP: 1/28 [worm (9)]
  1529 | D:1      | Reached skill level 1 in Armour
  1622 | D:2      | Noticed Jessica
  1630 | D:2      | Killed Jessica
  1631 | D:2      | Gained mutation: You are partially covered in slimy green
                  | scales. (AC +2) [demonic ancestry]
  1631 | D:2      | Reached XP level 4. HP: 34/34 MP: 4/4
  2007 | D:2      | Noticed Robin
  2023 | D:2      | Killed Robin
  2321 | D:3      | Noticed Terence
  2326 | D:3      | Killed Terence
  2327 | D:3      | Gained mutation: A meltable icy envelope protects you from
                  | harm. (AC +4) [demonic ancestry]
  2327 | D:3      | Reached XP level 5. HP: 29/40 MP: 5/5
  2513 | D:3      | Reached skill level 3 in Fighting
  2538 | D:3      | Noticed Ijyb
  2542 | D:3      | Paralysed by Ijyb for 2 turns
  2555 | D:3      | Killed Ijyb
  3171 | D:3      | Found a faded altar of an unknown god.
  3533 | D:4      | Reached XP level 6. HP: 25/47 MP: 6/6
  3813 | D:4      | Reached skill level 1 in Evocations
  4364 | D:4      | Found a staircase to the Ecumenical Temple.
  4376 | Temple   | Entered the Ecumenical Temple
  4444 | Temple   | Became a worshipper of Gozag Ym Sagoz the Greedy
  4631 | D:4      | Found a blossoming altar of Fedhas.
  4856 | D:4      | Found a hazy altar of Hepliaklqana.
  5193 | D:4      | Found a shadowy altar of Dithmenos.
  5248 | D:5      | Entered Level 5 of the Dungeon
  5271 | D:5      | Found a bloodstained altar of Trog.
  5394 | D:5      | Reached XP level 7. HP: 50/52 MP: 7/7
  5480 | D:5      | Found a burning altar of Makhleb.
  6315 | D:5      | Reached skill level 4 in Fighting
  6775 | D:5      | Gained mutation: Your touch may inflict minor irresistible
                  | damage on your foes. [demonic ancestry]
  6775 | D:5      | Reached XP level 8. HP: 40/60 MP: 8/8
  7282 | D:6      | Reached skill level 1 in Shields
  7317 | D:6      | Found a shimmering altar of Xom.
  7734 | D:6      | HP: 2/61 [something/ball of steam (11)]
  8247 | D:6      | Noticed a two-headed ogre
  8370 | D:6      | Reached skill level 5 in Axes
  8658 | D:6      | Reached skill level 5 in Dodging
  8752 | D:6      | Killed a two-headed ogre
  8753 | D:6      | Reached skill level 5 in Fighting
  8753 | D:6      | Gained mutation: You are mostly covered in sharp spines.
                  | [demonic ancestry]
  8753 | D:6      | Reached XP level 9. HP: 68/68 MP: 9/9
  8839 | D:6      | Found an ancient bone altar of Kikubaaqudgha.
  9068 | D:7      | Reached skill level 5 in Throwing
  9501 | D:7      | Found Sacsip's Antique Weapon Emporium.
  9515 | D:7      | Bought an ivory war axe for 178 gold pieces
  9515 | D:7      | Identified the +7 war axe "Pattoa" {freeze, Will+ Str+2
                  | Stlth+} (You bought it in a shop on level 7 of the Dungeon)
  9704 | D:7      | Found a stormy altar of Qazlal.
 10273 | D:8      | Noticed a two-headed ogre
 10283 | D:8      | Killed a two-headed ogre
 10504 | D:8      | Reached skill level 6 in Fighting
 10504 | D:8      | Reached XP level 10. HP: 76/76 MP: 10/10
 10505 | D:8      | Reached skill level 5 in Armour
 10514 | D:8      | Noticed a two-headed ogre
 10520 | D:8      | Killed a two-headed ogre
 10521 | D:8      | Reached skill level 5 in Evocations
 10938 | D:9      | Noticed a boulder beetle
 11070 | D:9      | Noticed Maggie
 11072 | D:9      | Noticed a centaur warrior
 11082 | D:9      | Your ally Maggie died
 11431 | D:8      | Killed a boulder beetle
 11929 | D:9      | Found an ornate altar of the Wu Jian Council.
 11991 | D:9      | Killed a centaur warrior
 12148 | D:9      | Noticed Erolcha
 12159 | D:9      | Killed Erolcha
 12230 | D:9      | Found a staircase to the Orcish Mines.
 12241 | D:9      | Gained mutation: Your touch may inflict irresistible damage
                  | on your foes. [demonic ancestry]
 12241 | D:9      | Reached XP level 11. HP: 64/83 MP: 11/11
 12350 | D:10     | Entered Level 10 of the Dungeon
 12350 | D:10     | Noticed a two-headed ogre
 12358 | D:9      | Killed a two-headed ogre
 12359 | D:9      | Reached skill level 7 in Fighting
 12539 | D:10     | Noticed Snorg
 12883 | D:10     | Noticed an orange crystal statue
 12964 | D:10     | Killed Snorg
 12965 | D:10     | Reached skill level 5 in Shields
 13222 | D:10     | Noticed a death yak
 13222 | D:10     | Noticed a death yak
 13245 | D:10     | Killed a death yak
 13598 | D:10     | Found a staircase to the Lair.
 13614 | D:10     | Noticed a death yak
 13623 | D:10     | Noticed a death yak
 13623 | D:10     | Noticed a death yak
 13630 | D:10     | Noticed a death yak
 13635 | D:10     | Killed a death yak
 13909 | D:10     | Killed a death yak
 13991 | D:9      | Killed a death yak
 14009 | D:9      | Killed a death yak
 14130 | D:10     | Killed a death yak
 14531 | D:10     | Found Teteh's Magic Scroll Shoppe.
 14539 | D:10     | Bought a scroll of identify for 28 gold pieces
 14539 | D:10     | Bought a scroll of identify for 28 gold pieces
 14539 | D:10     | Bought a scroll of identify for 28 gold pieces
 14539 | D:10     | Bought a scroll of noise for 14 gold pieces
 14539 | D:10     | Bought a scroll of teleportation for 42 gold pieces
 14539 | D:10     | Bought a scroll of torment for 105 gold pieces
 14539 | D:10     | Bought a scroll of immolation for 49 gold pieces
 14539 | D:10     | Bought a scroll of blinking for 105 gold pieces
 14937 | D:10     | Found a basalt altar of Yredelemnul.
 15136 | D:10     | Killed an orange crystal statue
 15137 | D:10     | Reached XP level 12. HP: 51/92 MP: 0/12
 15362 | Lair:1   | Entered Level 1 of the Lair of Beasts
 15362 | Lair:1   | Noticed a four-headed hydra
 15390 | D:10     | Reached skill level 8 in Fighting
 15741 | D:10     | Killed a four-headed hydra
 16182 | Lair:1   | Slain by a blink frog

Illustrated notes

Levels and vault maps discovered:
D:1:      onia_arrival_mini_maze, layout_basic
D:2:      layout_rooms, uniq_jessica, uniq_robin
D:3:      layout_basic, hellmonk_ecumenical_altar_leap_of_faith, uniq_terence,
          uniq_ijyb
D:4:      layout_layer_cave, general_overflow_altar,
          worldfamousw_hep_ancestral_shrine, kennysheep_mini_moat,
          fedhas_altar_1, minmay_temple_entry_antechambers,
          chequers_serial_rivers_micro_d
D:5:      layout_basic, mainiacjoe_overflow_catwalk, old_standard_altar
D:6:      layout_basic, mainiacjoe_overflow_chevrons,
          nicolae_overflow_hidden_temple
D:7:      layout_cave_pods, mainiacjoe_overflow_surrounded_room,
          elyvilon_altar_4, serial_shops, shop
D:8:      layout_loops_cross, feat_on_display
D:9:      layout_roguey, lemuel_tele_altar, minmay_orc_entry_guard_dogs,
          minmay_liquid_box, uniq_maggie, uniq_erolcha
D:10:     layout_basic, lemuel_round_altar, dpeg_lair_monsters, serial_shops,
          shop_statue, serial_rivers, chequers_serial_rivers_micro_a,
          chequers_serial_rivers_large_a, chequers_serial_rivers_small_a,
          chequers_serial_rivers_small_a, chequers_serial_rivers_room_b,
          chequers_serial_rivers_small_a, minivault_16, uniq_snorg
Temple:   nicolae_temple_figure_zero
Lair:1:   layout_cave_pods, lemuel_fruit_fields

Skill      XL: |  1  2  3  4  5  6  7  8  9 10 11 12 |
---------------+-------------------------------------+-----
Throwing       | 2 3 4 5 6 7 |  7.5
Axes           | 3 4 5 6 7 |  7.9
Armour         | 1 2 3 4 5 6 7 |  7.1
Dodging        | 3 4 5 6 7 |  7.8
Fighting       | 3 4 5 6 7 8 |  8.2
Evocations     | 1 2 4 5 7 |  7.3
Shields        | 2 3 4 5 6 |  6.1

Action                   |  1- 3 |  4- 6 |  7- 9 | 10-12 || total
-------------------------+-------+-------+-------+-------++-------
Melee: War axe           |    70 |   111 |    92 |   275 ||   548
       Punch             |     2 |     3 |       |       ||     5
       Halberd           |       |    64 |    63 |       ||   127
       Trident           |       |       |    83 |    18 ||   101
       Spear             |       |       |    16 |       ||    16
Throw: Dart              |     3 |    12 |    15 |    14 ||    44
       Throwing net      |       |       |     2 |     3 ||     5
       Javelin           |       |       |     2 |    11 ||    13
Evoke: Wand              |       |       |     1 |    14 ||    15
  Use: Scroll            |       |       |       |    10 ||    10
       Potion            |       |       |       |     1 ||     1
 Stab: Paralysed         |       |       |     6 |     6 ||    12
       Held in net/web   |       |       |     1 |       ||     1
       Distracted        |       |       |     1 |     2 ||     3
       Sleeping          |       |       |     1 |       ||     1
Armor: Leather armour    |     5 |       |       |       ||     5
       Scale mail        |    29 |    90 |    12 |       ||   131
       Ring mail         |       |       |    92 |   143 ||   235
Dodge: Dodged            |    54 |   107 |    82 |   171 ||   414
Block: Other             |     9 |    28 |     9 |     1 ||    47
       Kite shield       |       |       |   120 |   164 ||   284
       Orb               |       |       |       |    16 ||    16

Table legend: (Time is in decaauts)
 A = Elapsed time spent in this place.
 B = Non-inter-level travel time spent in this place.
 C = Inter-level travel time spent in this place.
 D = Time resting spent in this place.
 E = Time spent auto-exploring this place.
 F = Levels seen in this place.
 G = Mean time per level.
                   A        B        C        D        E       F      G
               +--------+--------+--------+--------+--------+-----+--------+
         Total |  16495 |  15999 |    496 |   2353 |  11103 |  12 | 1374.6 |
       Dungeon |  15991 |  15507 |    484 |   2353 |  10716 |  10 | 1599.1 |
        Temple |     78 |     68 |     10 |      0 |     64 |   1 |   78.0 |
          Lair |    425 |    423 |      2 |      0 |    323 |   1 |  425.0 |
               +--------+--------+--------+--------+--------+-----+--------+

Top non-repeatable levels by time:
    D:10: 2437 daAuts
     D:5: 2217 daAuts
     D:9: 2082 daAuts
     D:4: 1842 daAuts
     D:8: 1624 daAuts
     D:1: 1425 daAuts
     D:3: 1343 daAuts
     D:6: 1249 daAuts
     D:2: 895 daAuts
     D:7: 873 daAuts
  Lair:1: 425 daAuts
  Temple: 78 daAuts
